 Dungeon Crawl Stone Soup version 0.30-a0-726-gd89dcf765f (webtiles) character file.

Game seed: 14460083717546915768

2726 hikkokomori the Sneak (level 9, 0/68 HPs)
             Began as a Human Wanderer on Jan 30, 2023.
             Was a Believer of Vehumet.
             Slain by a yak (13 damage)
             ... on level 7 of the Dungeon.
             The game lasted 00:20:19 (6494 turns).

hikkokomori the Sneak (Human Wanderer)              Turns: 6494, Time: 00:20:19

Health: 0/68       AC:  6    Str: 14    XL:     9   Next: 99%
Magic:  4/13       EV: 12    Int: 20    God:    Vehumet [**....]
Gold:   276        SH:  0    Dex: 14    Spells: 7/14 levels left

rFire   . . .      SeeInvis .    h - +2 rapier (protect)
rCold   . . .      Faith    .    (no shield)
rNeg    + . .      Spirit   .    t - +2 leather armour {rN+}
rPois   +          Reflect  .    (no helmet)
rElec   .          Harm     .    B - +0 cloak
rCorr   .          Rampage  .    (no gloves)
Will    .....                    (no boots)
Stlth   +++                      w - amulet of regeneration
HPRegen 1.11/turn                o - ring of poison resistance
MPRegen 0.13/turn                u - +6 ring of intelligence

@: very slightly contaminated
A: no striking features
a: Renounce Religion


You were on level 7 of the Dungeon.
You worshipped Vehumet.
Vehumet was pleased with you.
You visited 2 branches of the dungeon, and saw 9 of its levels.

You collected 276 gold pieces.

Inventory:

Hand Weapons
 a - a +2 dagger
 h - a +2 rapier of protection (weapon)
 r - a +2 dagger of distortion
 v - a +1 short sword of electrocution
 I - a +2 short sword of draining
Missiles
 b - 2 curare-tipped darts
 j - 18 poisoned darts
 E - a throwing net
Armour
 e - a +0 robe
 t - a +2 leather armour of positive energy (worn)
 B - a +0 cloak (worn)
Jewellery
 o - a ring of poison resistance (left hand)
 u - a +6 ring of intelligence (right hand)
 w - an amulet of regeneration (around neck)
 Q - the ring "Wofaohiu" {Fire Int+3}
   (You found it on level 7 of the Dungeon)

   [ring of fire]

   It enhances your fire magic.
   Int:       It affects your intelligence (+3).
   rF:        It protects you from fire.
   rC:        It makes you vulnerable to cold.
Wands
 y - a wand of iceblast (24)
 z - a wand of polymorph (2)
 N - a wand of flame (18)
 O - a wand of charming (9)
Scrolls
 c - 3 scrolls of fog
 f - a scroll of teleportation {unknown}
 k - 3 scrolls of enchant weapon
 l - 2 scrolls of enchant armour {unknown}
 m - 2 scrolls of poison
 q - 2 scrolls of magic mapping
 C - a scroll of amnesia {unknown}
 D - a scroll of blinking {unknown}
 G - 2 scrolls of identify
 M - a scroll of immolation {unknown}
 R - a scroll of silence {unknown}
Potions
 d - 2 potions of curing
 g - 2 potions of lignification
 i - a potion of heal wounds {unknown}
 n - a potion of haste
 p - a potion of resistance
 s - a potion of might
 x - 2 potions of flight
 A - 3 potions of brilliance
 F - 2 potions of berserk rage {unknown}
 H - a potion of ambrosia {unknown}
 J - a potion of degeneration {unknown}
 K - 4 potions of attraction {unknown}
 L - a potion of mutation {unknown}
 P - 2 potions of invisibility


   Skills:
 + Level 5.0 Fighting
 - Level 5.0 Throwing
 + Level 2.4 Dodging
 + Level 6.0 Stealth
 - Level 3.1 Spellcasting
 + Level 2.5 Conjurations
 - Level 5.0 Transmutations
 + Level 5.4 Fire Magic
 - Level 5.0 Poison Magic
 + Level 0.9 Evocations


You had 7 spell levels left.
You knew the following spells:

 Your Spells              Type           Power      Damage    Failure   Level
a - Sting                 Tmut/Pois      92%        1d7       2%          1
b - Ignite Poison         Fire/Tmut/Pois 23%        N/A       6%          3
c - Foxfire               Conj/Fire      76%        2x1d7     3%          1
d - Scorch                Fire           50%        2d7       2%          2

Your spell library contained the following spells:

 Spells                   Type           Power      Damage    Failure   Level


Dungeon Overview and Level Annotations

Branches:
Dungeon (8/15)             Temple (1/1) D:6
   Lair: D:8-11

Altars:
Ashenzari
Elyvilon
Ru
Vehumet
Wu Jian
Xom

Shops:
D:6 (


Message History

The yak is lightly wounded.
The yak gores you.
Casting: Sting (safe; 2% risk of failure)
Confirm with . or Enter, or press ? or * to list all spells.
Aiming: Sting (safe; 2% risk of failure)
Press: ? - help, Shift-Dir - straight line, f/p - yak
Aim: a yak (lightly wounded, poisoned, 85% to hit)
The sting hits the yak but does no damage.
The yak looks even sicker.
The yak is lightly wounded.
The yak barely misses you.
Your magical contamination has completely faded away.
Casting: Sting (safe; 2% risk of failure)
Confirm with . or Enter, or press ? or * to list all spells.
You ignite the poison in your surroundings!
The yak seems to burn from within!!
The yak is almost dead.
The yak gores you.
Casting: Ignite Poison (dangerous; 6% risk of failure)
Confirm with . or Enter, or press ? or * to list all spells.
Aiming: Sting (safe; 2% risk of failure)
Press: ? - help, Shift-Dir - straight line, f/p - yak
Aim: a yak (almost dead, 85% to hit)
The sting hits the yak.
The yak is poisoned.
The yak is almost dead.
The yak gores you!
* * * LOW HITPOINT WARNING * * *
Casting: Sting (safe; 2% risk of failure)
Confirm with . or Enter, or press ? or * to list all spells.
You miscast Ignite Poison.
You are very lightly contaminated with residual magic.
Nothing appears to happen.
The yak gores you!
* * * LOW HITPOINT WARNING * * *
Casting: Ignite Poison (dangerous; 6% risk of failure)
Confirm with . or Enter, or press ? or * to list all spells.
Aiming: Sting (safe; 2% risk of failure)
Press: ? - help, Shift-Dir - straight line, f/p - yak
Aim: a yak (almost dead, poisoned, 85% to hit)
You miscast Sting.
Nothing appears to happen.
The yak gores you!
You die...

#.# #......#.....[ #.#
#......#.##.## #.#
#......#>##.# #.#
#...........## #####.#
###.####...)..
#.....###.......#####.
#.##........###.# #.
#.##Y####.#####.#####.
##########....@..#.............
#.......##.....#.#.##.##.######
###.#####.###.#..#.........# #
....#####.....#.........#..# #
#...##........#.##..<####..# #
.......##)....#.........#..# #
#.........#.#..............# #
...########.#######.#...#.##
### #.## #.# #.......# #..


You could see a yak (poisoned).

Vanquished Creatures
  Pikel (D:4)
  2 yaks (D:8)
  Eustachio (D:4)
  3 black bears (D:5)
  An ice beast (D:6)
  An orc warrior (D:7)
  An ogre (D:5)
  3 lemures (D:4)
  A kobold brigand (D:7)
  2 bullfrogs
  A necrophage (D:4)
  4 scorpions
  3 howler monkeys (D:7)
  An orc priest (D:6)
  A hound (D:3)
  2 gnoll boudas
  Ijyb (D:3)
  Natasha (D:4)
  6 iguanas
  6 orc wizards
  Terence (D:3)
  10 gnolls
  5 adders
  A white imp (D:7)
  A worm (D:4)
  29 orcs
  8 bats
  6 endoplasms
  A giant cockroach (D:5)
  3 goblins
  3 hobgoblins
  4 jackals (D:5)
  3 quokkas
  8 ball pythons
  11 kobolds
  3 rats (D:2)
139 creatures vanquished.

Notes
Turn   | Place    | Note
-------+----------+-------------------------------------------
     0 | D:1      | hikkokomori the Human Wanderer began the quest for the Orb.
     0 | D:1      | hikkokomori set off with the following items: a +2 dagger,
                  | 4 curare-tipped darts, a scroll of fog, a potion of curing,
                  | a +0 robe; and the following spell memorised: Sting; and
                  | the following spells available to memorise: Ignite Poison.
     0 | D:1      | Reached XP level 1. HP: 15/15 MP: 2/2
   341 | D:1      | Reached XP level 2. HP: 16/21 MP: 0/3
   844 | D:2      | Found a faded altar of an unknown god.
   923 | D:2      | Reached skill level 1 in Stealth
  1041 | D:2      | Reached skill level 1 in Transmutations
  1041 | D:2      | Reached XP level 3. HP: 26/26 MP: 0/4
  1749 | D:2      | Learned a level 3 spell: Ignite Poison
  1860 | D:3      | Noticed Terence
  1868 | D:3      | Killed Terence
  1869 | D:3      | Reached XP level 4. HP: 33/33 MP: 5/5
  2023 | D:3      | Found a radiant altar of Vehumet.
  2033 | D:3      | Reached skill level 1 in Fire Magic
  2033 | D:3      | Reached XP level 5. HP: 25/38 MP: 3/6
  2102 | D:3      | Became a worshipper of Vehumet
  2207 | D:3      | Noticed Ijyb
  2213 | D:3      | Killed Ijyb
  2214 | D:3      | Reached skill level 2 in Stealth
  2641 | D:4      | Reached XP level 6. HP: 18/44 MP: 7/7
  3149 | D:4      | Noticed Eustachio
  3201 | D:4      | Killed Eustachio
  3202 | D:4      | Reached skill level 3 in Stealth
  3202 | D:4      | Reached XP level 7. HP: 31/52 MP: 1/8
  3363 | D:4      | Noticed Pikel
  3365 | D:4      | Noticed Natasha
  3366 | D:4      | Killed Natasha
  3367 | D:4      | Killed Pikel
  3368 | D:4      | Reached skill level 4 in Stealth
  3368 | D:4      | Reached XP level 8. HP: 58/58 MP: 9/9
  3489 | D:5      | Entered Level 5 of the Dungeon
  3507 | D:5      | Found a sacrificial altar of Ru.
  3558 | D:5      | Reached * piety under Vehumet
  3558 | D:5      | Offered knowledge of Foxfire by Vehumet.
  3561 | D:5      | Learned a level 1 spell: Foxfire
  4121 | D:5      | Reached XP level 9. HP: 62/65 MP: 1/11
  4222 | D:5      | Reached skill level 5 in Stealth
  4400 | D:5      | Offered knowledge of Scorch by Vehumet.
  4401 | D:5      | Reached skill level 5 in Poison Magic
  4412 | D:5      | Learned a level 2 spell: Scorch
  4477 | D:5      | Found a shimmering altar of Xom.
  4795 | D:6      | Found Xextyoj's Antique Weapon Shop.
  4981 | D:6      | Reached skill level 5 in Transmutations
  5013 | D:6      | Reached skill level 1 in Conjurations
  5037 | D:6      | Reached ** piety under Vehumet
  5224 | D:6      | Found a staircase to the Ecumenical Temple.
  5231 | Temple   | Entered the Ecumenical Temple
  5327 | D:6      | Found a broken altar of Ashenzari.
  5431 | D:6      | Reached skill level 5 in Fire Magic
  5766 | D:7      | Found an ornate altar of the Wu Jian Council.
  6198 | D:7      | Identified the ring "Wofaohiu" {Fire Int+3}
  6487 | D:8      | Reached skill level 5 in Fighting
  6487 | D:8      | Reached skill level 6 in Stealth
  6494 | D:7      | Slain by a yak

Illustrated notes

Levels and vault maps discovered:
D:1:      dpeg_arrival_arbitrary_c, layout_basic
D:2:      layout_basic, ebering_ecumenical_altar_rust
D:3:      layout_rooms, nicolae_vehumet_radiance, uniq_terence, uniq_ijyb
D:4:      layout_basic, serial_bayou_crossing, uniq_natasha, uniq_pikel,
          uniq_eustachio
D:5:      layout_cave_pools, nicolae_ru_great_annihilating_truth,
          mainiacjoe_overflow_alcove_1, serial_glass, glass_columns_b,
          glass_columns_a, glass_columns_a, glass_columns_a, dk_vineyard_2,
          st_stairs_9, grunt_ministairs_6, nicolae_kite_square_tiling_tiny,
          kennysheep_path_1
D:6:      layout_rooms, nicolae_overflow_crystal_walls,
          minmay_temple_entry_hall, serial_shops, nicolae_lakefront_shop
D:7:      layout_loops_cross, nicolae_overflow_hidden_temple
D:8:      layout_cave_pools, grunt_gozag_breadcrumbs, uniq_maggie
Temple:   jpeg_temple_clearing

Skill      XL: |  1  2  3  4  5  6  7  8  9 |
---------------+----------------------------+-----
Stealth        | 1 2 3 4 6 |  6.0
Transmutations | 1 2 3 4 5 |  5.0
Poison Magic   | 2 3 4 5 |  5.0
Fighting       | 2 3 5 |  5.0
Fire Magic     | 1 2 3 4 5 |  5.4
Spellcasting   | 3 |  3.1
Conjurations   | 2 |  2.5
Throwing       | |  5.0
Dodging        | |  2.4
Evocations     | |  0.9

Action                     |  1- 3 |  4- 6 |  7- 9 || total
---------------------------+-------+-------+-------++-------
  Melee: Dagger            |    57 |       |       ||    57
         Punch             |     1 |       |     4 ||     5
         Short sword       |       |   112 |       ||   112
         Rapier            |       |       |   301 ||   301
  Throw: Dart              |     8 |       |     4 ||    12
   Cast: Sting             |    27 |    43 |    82 ||   152
         Ignite Poison     |       |       |    24 ||    24
  Evoke: Wand              |       |       |     9 ||     9
    Use: Scroll            |       |     7 |     2 ||     9
         Potion            |       |       |     2 ||     2
   Stab: Sleeping          |       |       |     4 ||     4
 Armour: Robe              |    15 |       |       ||    15
         Leather armour    |     2 |    35 |   165 ||   202
         Skin              |       |       |    37 ||    37
  Dodge: Dodged            |    43 |    87 |   203 ||   333

Table legend: (Time is in decaauts)
 A = Elapsed time spent in this place.
 B = Non-inter-level travel time spent in this place.
 C = Inter-level travel time spent in this place.
 D = Time resting spent in this place.
 E = Time spent auto-exploring this place.
 F = Levels seen in this place.
 G = Mean time per level.
                   A        B        C        D        E       F      G
               +--------+--------+--------+--------+--------+-----+--------+
         Total |   6554 |   6361 |    193 |    132 |   4866 |   9 |  728.2 |
       Dungeon |   6525 |   6340 |    185 |    132 |   4848 |   8 |  815.6 |
        Temple |     28 |     20 |      8 |      0 |     18 |   1 |   28.0 |
               +--------+--------+--------+--------+--------+-----+--------+

Top non-repeatable levels by time:
     D:5: 1316 daAuts
     D:4: 965 daAuts
     D:2: 941 daAuts
     D:6: 912 daAuts
     D:1: 843 daAuts
     D:7: 793 daAuts
     D:3: 739 daAuts
  Temple: 28 daAuts
     D:8: 11 daAuts
